 Dungeon Crawl Stone Soup version 0.21-a0-150-gc243083 (webtiles) character file.

275 TeKu the Chopper (level 6, -6/47 HPs)
             Began as a Demonspawn Monk on July 29, 2017.
             Mangled by Perturabo's ghost (8 damage)
             ... on level 4 of the Dungeon.
             The game lasted 00:04:14 (3333 turns).

TeKu the Chopper (Demonspawn Monk)                  Turns: 3333, Time: 00:04:15

Health: -6/47      AC: 11    Str: 16    XL:     6   Next: 3%
Magic:  0/6        EV:  7    Int: 16    God:
Gold:   179        SH:  0    Dex: 15    Spells: 5/5 levels left

rFire    . . .     SeeInvis .   a - +0 hand axe
rCold    + . .     Gourm    .   (no shield)
rNeg     . . .     Faith    .   z - +1 chain mail {rC+}
rPois    .         Spirit   +   (no helmet)
rElec    .         Reflect  .   u - +0 cloak
rCorr    .         Harm     .   i - +0 pair of gloves
MR       .....                  (no boots)
Stlth    ..........             (no amulet)
HPRegen  0.15/turn              (no ring)
MPRegen  0.10/turn              (no ring)

@: brilliant, flying, hasted, very quick
A: claws 1, hooves 1, powered by death 2, strong 1, magic shield, subdued magic
1
a: no special abilities


You were on level 4 of the Dungeon.
You were near starving.

You visited 1 branch of the dungeon, and saw 4 of its levels.

You collected 179 gold pieces.

Inventory:

Hand Weapons
 a - a +0 hand axe (weapon)
 y - a +0 blowgun
Armour
 b - a +0 robe
 h - a +0 ring mail
 i - a +0 pair of gloves (worn)
 m - a +0 chain mail
 u - a +0 cloak (worn)
 z - a +1 chain mail of cold resistance (worn)
Wands
 B - a wand of confusion (26/48)
Scrolls
 d - 4 scrolls of fear {unknown}
 e - 2 scrolls of identify {unknown}
 g - 4 scrolls of remove curse {unknown}
 k - a scroll of noise {unknown}
 o - a scroll of amnesia {unknown}
 r - 2 scrolls of enchant weapon {unknown}
 s - 3 scrolls of magic mapping {unknown}
 v - 3 scrolls of teleportation {unknown}
 w - a scroll of immolation {unknown}
Potions
 n - 2 potions of mutation
Comestibles
 c - 4 bread rations
 l - 3 meat rations


   Skills:
 + Level 3.2 Fighting
 * Level 6.0 Axes
 + Level 0.3 Armour
 + Level 2.6 Dodging
 - Level 1.7 Stealth


You had 5 spell levels left.
You didn't know any spells.

Dungeon Overview and Level Annotations

Branches:
Dungeon (4/15)
 Temple: D:4-7

Altars:
Sif Muna

Annotations:
D:4 Perturabo's ghost, amateur DsGl


Innate Abilities, Weirdness & Mutations

You have sharp fingernails.
You have large cloven feet.
You regenerate health from kills.
When hurt, damage is shared between your health and your magic reserves.
Your muscles are strong. (Str +2)
Your spells are a little easier to cast, but a little less powerful.


Message History

Perturabo's ghost is severely damaged.
Perturabo's ghost hits you but does no damage.
You hit Perturabo's ghost. Your kick misses Perturabo's ghost.
Perturabo's ghost is almost destroyed.
Perturabo's ghost hits you but does no damage.
You hit Perturabo's ghost.
Perturabo's ghost is almost destroyed.
Your chain mail prevents you from hitting Perturabo's ghost.
Perturabo's ghost is almost destroyed.
Perturabo's ghost hits you!
* * * LOW HITPOINT WARNING * * *
Your chain mail prevents you from hitting Perturabo's ghost.
Perturabo's ghost is almost destroyed.
Your chain mail prevents you from hitting Perturabo's ghost.
Perturabo's ghost is almost destroyed.
Perturabo's ghost barely misses you.
You closely miss Perturabo's ghost. Your kick misses Perturabo's ghost.
Perturabo's ghost is almost destroyed.
Perturabo's ghost hits you!
You die...

(.......#
#.....# #.....#
#.....# #.....#
#.....# ####'##
#W# #.#######@#
..........#
#.#######.####.#
#............#
#.#####........#
#.....########.#
#####.##....#
#.##....#
######.##....#


You could see Perturabo's ghost.

Vanquished Creatures
  Sigmund (D:2)
  Crazy Yiuf (D:2)
  3 adders
  An ooze (D:2)
  An adder skeleton (D:4)
  A worm (D:3)
  3 leopard geckos
  An orc (D:3)
  6 bats
  3 giant cockroaches
  7 goblins
  5 hobgoblins
  6 jackals
  3 quokkas
  A frilled lizard (D:1)
  8 kobolds
  6 rats
57 creatures vanquished.

Notes
Turn   | Place    | Note
-------+----------+-------------------------------------------
     0 | D:1      | TeKu the Demonspawn Monk began the quest for the Orb.
     0 | D:1      | Reached XP level 1. HP: 18/18 MP: 1/1
    42 | D:1      | Reached skill level 3 in Axes
   101 | D:1      | Gained mutation: You have large cloven feet. [demonic ancestry]
   101 | D:1      | Reached XP level 2. HP: 9/24 MP: 2/2
  1092 | D:2      | Noticed Sigmund
  1096 | D:2      | Gained mutation: You regenerate a little health from kills. [demonic ancestry]
  1096 | D:2      | Reached XP level 3. HP: 7/29 MP: 3/3
  1099 | D:2      | Killed Sigmund
  1099 | D:2      | Reached skill level 5 in Axes
  1099 | D:2      | Gained mutation: You have sharp fingernails. [demonic ancestry]
  1099 | D:2      | Reached XP level 4. HP: 8/35 MP: 4/4
  1099 | D:2      | Gained mutation: When hurt, damage is shared between your health and your magic reserves. [demonic ancestry]
  1099 | D:2      | Reached XP level 5. HP: 10/41 MP: 5/5
  1472 | D:2      | Found a deep blue altar of Sif Muna.
  1800 | D:2      | Found a runed door.
  2138 | D:2      | Noticed Crazy Yiuf
  2142 | D:2      | Killed Crazy Yiuf
  2248 | D:3      | Reached skill level 6 in Axes
  2308 | D:3      | Gained mutation: You regenerate health from kills. [demonic ancestry]
  2308 | D:3      | Reached XP level 6. HP: 40/47 MP: 6/6
  3232 | D:4      | Noticed Perturabo's ghost (amateur DsGl)
  3299 | D:4      | Gained mutation: Your spells are a little easier to cast, but a little less powerful. [potion of mutation]
  3299 | D:4      | Gained mutation: Your muscles are strong. (Str +2) [potion of mutation]
  3330 | D:4      | HP: 2/47 [Perturabo's ghost (9)]
  3333 | D:4      | Mangled by Perturabo's ghost

Vault maps used:
D:1:      lightli_arrival_statuegarden, minivault_19, minmay_misc_feat_plants
D:2:      first_bread, led_sif_pool, uniq_sigmund, uniq_crazy_yiuf_cottage
D:4:      uniq_eustachio, uniq_ijyb

Skill      XL: |  1  2  3  4  5 |
---------------+----------------+-----
Axes           | 3 5 6 |  6.0
Fighting       | |  3.2
Armour         | |  0.3
Dodging        | |  2.6
Stealth        | |  1.7

Action                   |  1- 3 |  4- 6 || total
-------------------------+-------+-------++-------
Melee: Hand axe          |    66 |   192 ||   258
       Kick              |    15 |    24 ||    39
  Use: Potion            |     1 |     9 ||    10
  Eat: Chunk             |       |     6 ||     6
Armor: Robe              |     9 |       ||     9
       Chain mail        |    20 |    94 ||   114
       Ring mail         |     5 |       ||     5
       Skin              |       |    27 ||    27
Dodge: Dodged            |    40 |    53 ||    93
